Map: Lightshade LE

Players

Rogue - Winner!

  • Race: Zerg Zerg
  • Spawn Location: 5:00

Serral

  • Race: Zerg Zerg
  • Spawn Location: 11:00

Event: StayAtHome Story Cup #3

VOD

Have the link to the VOD?

Description

Time

  • Played on: March 13, 2021, 11:58 a.m.
  • Length: 7:34

All games in this series

Show
View Real Time Build Order
Export as new Build Order

Rogue Zerg - Winner!

Build Orders: 1 Base Baneling Bust, Pool First, Zergling Baneling 

Get SALT Encoding   

  12  0:11  Extractor  
  11  0:19  Spawning Pool  
  10  0:24  Drone  
  11  0:29  Drone  
  11  0:34  Drone  
  13  0:46  Overlord  
  13  1:06  Zergling x4  
  13  1:07  Zergling x2  
  13  1:11  Metabolic Boost  
  16  1:18  Zergling x2  
  17  1:30  Baneling Nest  
  17  1:31  Zergling x2  
  17  1:41  Zergling x2  
  18  1:51  Zergling x2  
  19  1:55  Queen  
  21  2:01  Zergling x2  
  22  2:13  Overlord  
  22  2:15  Baneling x2  
  22  2:39  Baneling  
  22  2:40  Zergling x4  
  22  2:48  Drone  
  21  2:56  Baneling x3  
  21  3:00  Baneling  
  21  3:02  Drone  
  22  3:07  Drone  
  23  3:14  Drone x2  
  23  3:15  Zergling x2  
  26  3:22  Drone  
  22  3:45  Zergling x4  
  22  3:47  Drone  
  25  3:52  Hatchery  
  25  3:54  Drone  
  23  3:58  Drone  
  24  4:04  Queen  
  24  4:09  Drone  
  27  4:14  Overlord  
  27  4:25  Drone  
  27  4:33  Drone  
  27  4:35  Baneling x2  
  28  4:40  Queen  
  28  4:42  Zergling x2  
  31  4:55  Drone  
  32  5:04  Drone x2  
  33  5:11  Roach Warren  
  33  5:13  Zergling x4  
  34  5:14  Drone  
  34  5:18  Queen  
  34  5:21  Overlord  
  37  5:26  Drone  
  35  5:50  Baneling x2  
  35  5:51  Roach x7  
  35  5:53  Roach  
  51  6:00  Overlord  
  49  6:12  Zergling x6  
  52  6:20  Zergling x8  
  52  6:24  Baneling x4  
  56  6:26  Zergling x4  
  56  6:28  Zergling x4  
  60  6:36  Overlord  
  60  6:46  Baneling x2  
  60  6:52  Zergling x4  
  60  6:53  Baneling  
  58  6:59  Zergling x2  
  58  7:00  Zergling x14  
  57  7:03  Zergling x2  
  57  7:07  Zergling x2  
  55  7:11  Zergling x2  
  55  7:12  Zergling x2  
  55  7:19  Ravager  
Show
View Real Time Build Order
Export as new Build Order

Serral Zerg 

Build Orders: Hatch First 

Get SALT Encoding   

  12  0:00  Drone  
  13  0:13  Overlord  
  13  0:17  Drone  
  14  0:31  Drone x2  
  16  0:48  Hatchery  
  15  0:51  Drone  
  15  0:55  Drone  
  17  0:58  Drone  
  18  1:09  Extractor  
  17  1:13  Spawning Pool  
  17  1:17  Drone  
  17  1:20  Drone  
  18  1:28  Drone  
  19  2:00  Queen, Zergling x6  
  24  2:02  Queen, Zergling x2  
  27  2:13  Spine Crawler  
  24  2:16  Zergling x4  
  26  2:26  Baneling Nest  
  25  2:32  Zergling x4  
  27  2:41  Zergling x2  
  25  2:47  Drone  
  19  2:58  Drone  
  19  3:05  Drone  
  21  3:09  Baneling  
  21  3:11  Drone  
  21  3:15  Drone  
  22  3:23  Baneling  
  22  3:27  Drone  
  22  3:30  Drone  
  24  3:41  Overlord  
  22  4:06  Hatchery  
  22  4:09  Baneling  
  21  4:12  Zergling x2  
  22  4:18  Drone  
  23  4:25  Metabolic Boost  
  23  4:35  Queen  
  25  4:40  Drone  
  25  4:43  Drone  
  27  4:52  Overlord  
  27  4:57  Zergling x2  
  28  5:02  Drone  
  28  5:04  Drone  
  29  5:07  Baneling  
  29  5:12  Zergling x2  
  30  5:19  Drone x2  
  32  5:30  Drone x2  
  34  5:40  Drone x2  
  33  5:46  Drone x2  
  33  5:47  Drone  
  36  5:51  Zergling x4  
  36  5:53  Overlord  
  38  5:57  Drone x2  
  40  6:04  Drone  
  40  6:05  Drone  
  42  6:12  Extractor  
  42  6:14  Queen  
  43  6:24  Spine Crawler  
  43  6:25  Spine Crawler  
  41  6:27  Spine Crawler  
  41  6:29  Evolution Chamber  
  41  6:30  Evolution Chamber  
  37  6:36  Spine Crawler  
  37  6:38  Zergling x4  
  38  6:42  Evolution Chamber  
  38  6:45  Baneling, Zergling x2  
  38  6:49  Zergling x2  
  38  6:54  Zergling x2  
  41  6:59  Zergling x6  
  41  7:00  Zergling x4  
  42  7:05  Zergling x4  
  38  7:13  Zergling x4  
Tags
 
Add a new tag
Caveats
  • Supply blocks, unpowered buildings, or Contaminate may cause inaccurate times.
  • Supply counts are checked every 10 seconds.